Unix NetHack Version 5.0.0-0 post-release - last build May 10 2026 23:12:36 (d1fa5d53e341ca933230fdaa984d921c805b60aa,branch:main).

Game began 2026-05-14 15:52:12, ended 2026-05-14 22:21:34.

Drastanta, lawful male human Samurai

                                                           @

Drastanta the Ninja    St:14 Dx:18 Co:18 In:9 Wi:8 Ch:6  Lawful
Dlvl:6  $:201 HP:0(55) Pw:26(26) AC:-3 Xp:7 T:4548 

Latest messages:
 The giant bat bites!
 The giant bat bites!
 You hear rumbling in the distance.
 The giant bat misses!
 The giant bat bites!
 The giant bat bites!
 The giant bat misses!
 You hit the giant bat!
 The giant bat misses!
 You kill the giant bat!
 You see here a giant bat corpse.
 There is a giant bat corpse here; eat it? [ynq] (n) y
 This giant bat corpse is gamey.
 You hear rumbling in the distance.
 You finish eating the giant bat corpse.
 You see here a heavy iron ball (chained to you).
 You see here a heavy iron ball (chained to you).
 You see here a heavy iron ball (chained to you).
 You see here a heavy iron ball (chained to you).
 You see here a heavy iron ball (chained to you).
 You see here a heavy iron ball (chained to you).
 You see here a heavy iron ball (chained to you).
 There is a broken door here.
 You see here a heavy iron ball (chained to you).
 There is a broken door here.
 You see here a heavy iron ball (chained to you).
 You feel a bit steadier now.
 You fall into a pit!
 You land on a set of sharp iron spikes!
 The spikes were poisoned!
 There is a spiked pit here.
 You are still in a pit.
 You are still in a pit.
 You are still in a pit.
 You are still in a pit.
 You are still in a pit.
 You are still in a pit.
 You crawl to the edge of the pit.
 You see here a leather armor.
 You hit the spotted jelly!
 You are splashed by the spotted jelly's acid!
 You can't go up here.
 You fall down the stairs.
 The iron ball smacks into you!
 You die...
 Do you want your possessions identified? [ynq] (y) y
 Do you want to see your attributes? [ynq] (y) y
 Do you want an account of creatures vanquished? [ynaq] (y) y
 Do you want to see your conduct and achievements? [ynq] (y) y
 Do you want to see the dungeon overview? [ynq] (y) y

Inventory:
 Coins    ('$')
  $ - 201 gold pieces
 Weapons  (')')
  d - 39 +0 ya (in quiver)
  c - a +0 yumi (alternate weapon; not wielded)
  a - a +0 katana (weapon in right hand)
  b - a +0 wakizashi
 Armor    ('[')
  r - a blessed +0 orcish helm (being worn)
  I - an uncursed +0 pair of yugake (being worn)
  v - a blessed +4 pair of speed boots (being worn)
  H - an uncursed +0 dwarvish cloak (being worn)
  M - an uncursed +1 elven mithril-coat (being worn)
 Scrolls  ('?')
  Q - an uncursed scroll of blank paper
  P - an uncursed scroll of enchant armor
  l - an uncursed scroll of identify
  e - an uncursed scroll of light
 Potions  ('!')
  O - an uncursed potion of confusion
  z - an uncursed potion of gain energy
  h - an uncursed potion of gain level
  F - an uncursed potion of sake
  i - an uncursed potion of see invisible
 Rings    ('=')
  K - an uncursed +1 ring of increase accuracy
 Wands    ('/')
  m - a wand of lightning (0:3)
  E - a wand of sleep (0:5)
 Tools    ('(')
  f - an uncursed blindfold
  j - a +0 pick-axe

Drastanta the Samurai's attributes:

Background:
 You were a Ninja, a level 7 male human Samurai.
 You were lawful, on a mission for Amaterasu Omikami
 who was opposed by Raijin (neutral) and Susanowo (chaotic).
 You were right-handed.
 You were in the Dungeons of Doom, on level 6.
 You entered the dungeon 4548 turns ago.
 It was nighttime.
 You had 1159 experience points, 121 more were needed to attain level 8.

Basics:
 You had 0 out of 55 hit points.
 You had all 26 energy points (spell power).
 Your armor class was -3.
 Your wallet contained 201 zorkmids.
 Autopickup was off.

Final Characteristics:
 Your strength was 14 (peak:15, limit:18/100).
 Your dexterity was 18 (limit:18).
 Your constitution was 18 (limit:18).
 Your intelligence was 9 (limit:18).
 Your wisdom was 8 (limit:18).
 Your charisma was 6 (limit:18).

Final Status:
 You were chained to a heavy iron ball.
 You weren't hungry.
 You were unencumbered.
 You were wielding a long sword.
 You were skilled in long sword and could have enhanced that.

Final Attributes:
 You were piously aligned.
 Your items were somewhat protected from fire.
 Your items were somewhat protected from cold.
 You were guarded.
 You were very fast.
 You are dead.

Miscellaneous:
 You didn't encounter any bones levels.
 Total elapsed playing time was 42 minutes and 45 seconds.

Major events:
 Turn
    1: Drastanta the lawful male human Samurai entered the dungeon
   90: attained the rank of Ronin (level 3)
  971: entered the Gnomish Mines
 1089: attained the rank of Ninja (level 6)
 1732: reached Mine Town
 4548: killed by an iron ball collision

You didn't know any spells.

Skills:
 Fighting Skills
   martial arts      [Basic]
   two weapon combat [Unskilled]
   riding            [Unskilled]
 Weapon Skills
   dagger            [Unskilled]
   knife             [Unskilled]
   short sword       [Basic]
   broadsword        [Unskilled]
   long sword        [Skilled]
   two-handed sword  [Unskilled]
   saber             [Unskilled]
   flail             [Unskilled]
   quarterstaff      [Unskilled]
   polearms          [Unskilled]
   spear             [Unskilled]
   lance             [Unskilled]
   bow               [Basic]
   shuriken          [Unskilled]
 Spellcasting Skills
   attack spells     [Unskilled]
   divination spells [Unskilled]
   clerical spells   [Unskilled]

Voluntary challenges:
 Character rerolling was not enabled.
 You never genocided any monsters.
 You never polymorphed an object.
 You never changed form.
 You used no wishes.
Achievements:
 You attained the rank of Ronin.
 You entered the Gnomish Mines.
 You attained the rank of Ninja.
 You entered Minetown.
 You entered a temple.
 You entered a shop.

 The Dungeons of Doom: levels 1 to 6
    Level 1:
       Some sinks.
    Level 2:
       An altar.
    Level 3:
       A sink.
       Stairs down to The Gnomish Mines.
    Level 4:
    Level 5:
    Level 6: <- You were here.
       Final resting place for
          you, killed by an iron ball collision.
 The Gnomish Mines: levels 4 to 6
    Level 4:
    Level 5:
    Level 6:
       Many shops, a temple and an altar, many fountains.


Vanquished creatures:
  a large mimic
  a leprechaun
  3 Uruk-hai
  2 rock piercers
  a rock mole
 10 fog clouds
  2 yellow lights
  a violet fungus
  6 gnome leaders
  2 gnomish wizards
  2 kobold mummies
  a gray ooze
  3 little dogs
  a kitten
  3 dwarves
 15 hill orcs
  a rothe
  3 giant bats
  2 monkeys
 an orc zombie
  a wererat
  3 iguanas
 an acid blob
  2 coyotes
  3 hobbits
  3 manes
  a large kobold
  a cave spider
  2 yellow molds
 24 gnomes
  8 garter snakes
  3 geckos
  5 jackals
  a goblin
  2 sewer rats
  7 grid bugs
  a lichen
  3 newts
132 creatures vanquished.

No species were genocided or became extinct.

Game over:
                       ----------
                      /          \
                     /    REST    \
                    /      IN      \
                   /     PEACE      \
                  /                  \
                  |    Drastanta     |
                  |      201 Au      |
                  |   killed by an   |
                  |    iron ball     |
                  |    collision     |
                  |                  |
                  |       2026       |
                 *|     *  *  *      | *
        _________)/\\_//(\/(/\)/\//\/|_)_______

Sayonara Drastanta the Samurai...

You died in The Dungeons of Doom on dungeon level 6 with 5117 points,
and 201 pieces of gold, after 4548 moves.
You were level 7 with a maximum of 55 hit points when you died.

